 Dungeon Crawl Stone Soup version 0.32-a0-886-g41c5271027 (webtiles) character file.

Game seed: 7773373035540139463

283 0gre the Chiller (level 6, -3/44 HPs)
             Began as a Gnoll Ice Elementalist on Apr 1, 2024.
             Was a Follower of Vehumet.
             Slain by a sleepcap (6 damage)
             ... on level 5 of the Dungeon on Apr 2, 2024.
             The game lasted 00:16:06 (4022 turns).

0gre the Chiller (Gnoll Ice Elementalist)           Turns: 4022, Time: 00:16:07

Health: -3/44      AC:  2    Str:  7    XL:     6   Next: 28%
Magic:  11/14      EV: 13    Int: 15    God:    Vehumet [*.....]
Gold:   202        SH:  0    Dex: 14    Spells: 8/15 levels left

rFire   + . .        a - +0 flail
rCold   . . .        (no shield)
rNeg    . . .        r - +0 robe
rPois   .            (no helmet)
rElec   .            (no cloak)
rCorr   .            (no gloves)
SInv    .            (no boots)
Will    .....        (no amulet)
Stlth   +++          n - ring of wizardry
HPRegen 0.27/turn    p - ring of protection from fire
MPRegen 0.14/turn

%: wizardry (x1)
@: freezing walls, studying Fighting
A: fangs 1, strong nose, distributed training
a: Renounce Religion


You were on level 5 of the Dungeon.
You worshipped Vehumet.
Vehumet was aware of your devotion.
You visited 2 branches of the dungeon, and saw 6 of its levels.

You collected 202 gold pieces.

Inventory:

Hand Weapons
 a - a +0 flail (weapon)
 c - a +0 trident
 d - a +0 mace of holy wrath
Missiles
 o - 31 poisoned darts (quivered)
Armour
 r - a +0 robe (worn)
Jewellery
 n - a ring of wizardry (left hand)
 p - a ring of protection from fire (right hand)
Scrolls
 e - 2 scrolls of teleportation
 i - a scroll of fog {unknown}
 l - a scroll of identify {unknown}
 m - a scroll of poison {unknown}
 s - 3 scrolls of immolation {unknown}
Potions
 b - a potion of magic
 f - 2 potions of brilliance {unknown}
 g - a potion of degeneration {unknown}
 h - a potion of heal wounds {unknown}
 j - a potion of lignification {unknown}
 k - a potion of curing {unknown}
Miscellaneous
 q - a Gell's gravitambourine (2/2)


   Skills:
 + Level 2.1 Fighting
 + Level 2.0 Short Blades
 + Level 2.0 Long Blades
 + Level 2.0 Axes
 + Level 2.0 Maces & Flails
 + Level 2.0 Polearms
 + Level 2.0 Staves
 + Level 2.0 Ranged Weapons
 + Level 2.0 Throwing
 + Level 2.0 Armour
 + Level 5.0 Dodging
 + Level 4.6 Stealth
 + Level 2.0 Shields
 + Level 2.0 Unarmed Combat
 + Level 5.4 Spellcasting
 + Level 1.5 Conjurations
 + Level 1.5 Hexes
 + Level 1.5 Summonings
 + Level 1.5 Necromancy
 + Level 1.5 Translocations
 + Level 1.5 Fire Magic
 + Level 7.3 Ice Magic
 + Level 1.5 Air Magic
 + Level 1.5 Earth Magic
 + Level 1.5 Alchemy
 + Level 2.2 Invocations
 + Level 2.0 Evocations
 + Level 1.8 Shapeshifting


You had 8 spell levels left.
You knew the following spells:

 Your Spells              Type           Power      Damage    Failure   Level
a - Freeze                Ice            100%       1d10      1%          1
b - Frozen Ramparts       Ice            50%        1d8       1%          3
c - Summon Ice Beast      Ice/Summ       17%        N/A       3%          3

Your spell library contained the following spells:

 Spells                   Type           Power      Damage    Failure   Level
 Sandblast                Erth           16%        2d6       3%          1
 Ozocubu's Armour         Ice            25%        N/A       1%          3
 Apportation              Tloc           16%        N/A       3%          1
 Necrotise                Necr           32%        1d5       3%          1
 Slow                     Hex            32%        N/A       3%          1
 Sting                    Conj/Alch      32%        1d5       3%          1
 Summon Small Mammal      Summ           32%        N/A       3%          1
 Confusing Touch          Hex            8%         N/A       10%         3
 Vampiric Draining        Necr           8%         2d6       10%         3
 Metabolic Englaciation   Hex/Ice        8%         N/A       26%         5
 Leda's Liquefaction      Alch/Erth      4%         N/A       32%         4
 Petrify                  Alch/Erth      8%         N/A       32%         4


Dungeon Overview and Level Annotations

Branches:
Dungeon (5/15)             Temple (1/1) D:4

Altars:
Ashenzari
Cheibriados
Elyvilon
Fedhas
Hepliaklqana
Kikubaaqudgha
Makhleb
Okawaru
Qazlal
Ru
Trog
Uskayaw
Vehumet
Wu Jian
Yredelemnul
Zin
The Shining One


Innate Abilities, Weirdness & Mutations

You have very sharp teeth.
Your uncanny sense of smell can sniff out nearby items.
Your experience applies equally to all skills.


Message History

The sleepcap barely misses your ice beast.
Your ice beast hits the sleepcap but does no damage.
The sleepcap releases spores at your ice beast.
Your ice beast is engulfed in a cloud of soporific spores!
The sleepcap releases spores at your ice beast.
Your ice beast hits the sleepcap but does no damage.
The sleepcap releases spores at your ice beast.
Your ice beast dies!
Your ice beast disappears in a puff of smoke!
The sleepcap misses you.
You thump the sleepcap!
The sleepcap is severely damaged.
The sleepcap releases spores at you.
You hit the sleepcap.
The sleepcap is severely damaged.
The sleepcap releases spores at you. The sleepcap completely misses you.
You hit the sleepcap but do no damage.
The sleepcap is severely damaged.
The sleepcap releases spores at you!
You are engulfed in a cloud of soporific spores!
You fall asleep.
The sleepcap releases spores at you!!
You wake up.
* * * LOW HITPOINT WARNING * * *
You are engulfed in a cloud of soporific spores!
You are unaffected.
Casting: Summon Ice Beast (dangerous; 3% risk of failure)
Confirm with . or Enter, or press ? or * to list all spells.
Casting: Frozen Ramparts (safe; 1% risk of failure)
Press: ? - help, Dir - look around, f - activate The walls around you are covered in ice.
The wall freezes the sleepcap but does no damage.
The sleepcap releases spores at you.
* * * LOW HITPOINT WARNING * * *
You completely miss the sleepcap.
The sleepcap is severely damaged.
The wall freezes the sleepcap.
The sleepcap barely misses you.
You hit the sleepcap but do no damage.
The sleepcap is almost destroyed.
The wall freezes the sleepcap.
The sleepcap releases spores at you.
You die...

.. #. .# .. ...
#. .###.
...##.##....
...####
......#.... .
.......
#........ ....
....... #.......
..... h......
#.....f##....#.
.......
#.....@#......$
.....
########.#.....#
..###..
.......#.......#
#......
............####
###....
...........$#
#....
##..........#
.#....
#.........##
......
###.##....#
....... #.
#....... .......


You could see a sleepcap.

Vanquished Creatures
  A howler monkey (D:4)
  An iguana (D:4)
  A gnoll (D:2)
  An adder (D:2)
  2 dart slugs
  A ribbon worm (D:2)
  6 orcs
  4 ball pythons
  6 bats
  2 endoplasms
  6 giant cockroaches
  5 goblins
  3 hobgoblins
  5 jackals (D:3)
  19 kobolds
  5 quokkas
  5 frilled lizards
  5 rats
78 creatures vanquished.

Vanquished Creatures (collateral kills)
  A kobold brigand (D:4)
  A jelly (D:5)
  A white imp (D:5)
  8 kobolds (D:4)
11 creatures vanquished.

Grand Total: 89 creatures vanquished

Notes
Turn   | Place    | Note
-------+----------+-------------------------------------------
     0 | D:1      | 0gre the Gnoll Ice Elementalist began the quest for the
                  | Orb.
     0 | D:1      | Reached XP level 1. HP: 13/13 MP: 6/6
   107 | D:1      | Reached XP level 2. HP: 19/19 MP: 5/7
   624 | D:2      | Reached skill level 5 in Spellcasting
   624 | D:2      | Reached XP level 3. HP: 25/25 MP: 7/9
   637 | D:2      | Reached skill level 1 in Invocations
   642 | D:2      | Learned a level 3 spell: Frozen Ramparts
   797 | D:2      | Found a glowing silver altar of Zin.
  1269 | D:2      | Reached skill level 1 in Fighting
  1269 | D:2      | Reached skill level 1 in Short Blades
  1269 | D:2      | Reached skill level 1 in Long Blades
  1269 | D:2      | Reached skill level 1 in Axes
  1269 | D:2      | Reached skill level 1 in Maces & Flails
  1269 | D:2      | Reached skill level 1 in Polearms
  1269 | D:2      | Reached skill level 1 in Staves
  1269 | D:2      | Reached skill level 1 in Ranged Weapons
  1269 | D:2      | Reached skill level 1 in Throwing
  1269 | D:2      | Reached skill level 1 in Armour
  1269 | D:2      | Reached skill level 1 in Shields
  1269 | D:2      | Reached skill level 1 in Unarmed Combat
  1269 | D:2      | Reached skill level 1 in Evocations
  1444 | D:3      | Reached skill level 1 in Shapeshifting
  1444 | D:3      | Reached XP level 4. HP: 32/32 MP: 7/11
  1740 | D:3      | Upgraded the game from 0.32-a0-876-gcfddb08e57 to
                  | 0.32-a0-886-g41c5271027
  1850 | D:3      | Reached skill level 1 in Conjurations
  1850 | D:3      | Reached skill level 1 in Hexes
  1850 | D:3      | Reached skill level 1 in Summonings
  1850 | D:3      | Reached skill level 1 in Necromancy
  1850 | D:3      | Reached skill level 1 in Translocations
  1850 | D:3      | Reached skill level 1 in Fire Magic
  1850 | D:3      | Reached skill level 1 in Air Magic
  1850 | D:3      | Reached skill level 1 in Earth Magic
  1850 | D:3      | Reached skill level 1 in Alchemy
  2528 | D:4      | Learned a level 3 spell: Summon Ice Beast
  2657 | D:4      | Reached XP level 5. HP: 37/37 MP: 8/12
  2719 | D:4      | Found a staircase to the Ecumenical Temple.
  2734 | Temple   | Entered the Ecumenical Temple
  2772 | Temple   | Became a worshipper of Vehumet
  3373 | D:4      | Noticed a kobold brigand
  3385 | D:4      | Killed a kobold brigand
  3386 | D:4      | Reached XP level 6. HP: 44/44 MP: 10/13
  3410 | D:4      | Reached * piety under Vehumet
  3410 | D:4      | Offered knowledge of Sandblast by Vehumet.
  3898 | D:5      | Entered Level 5 of the Dungeon
  3996 | D:5      | Reached skill level 5 in Dodging
  4020 | D:5      | HP: 2/44 [sleepcap (3)]
  4022 | D:5      | Slain by a sleepcap

Illustrated notes

Levels and vault maps discovered:
D:1:      psy_arrival_statuary, layout_basic
D:2:      minmay_chambers_of_ones, layout_loops_corners, basic_altar,
          minmay_pentomino_pile
D:3:      layout_loops_corners, roderic_roman_lattice
D:4:      kennysheep_kobold_camp, layout_basic, minmay_temple_entry_trees,
          serial_park_tiny_pond
D:5:      layout_basic, grunt_temple_overflow_opulence
Temple:   minmay_crystal_spiral_temple

Skill      XL: |  1  2  3  4  5  6 |
---------------+-------------------+-----
Spellcasting   | 5 |  5.4
Invocations    | 1 2 |  2.2
Fighting       | 1 2 |  2.1
Short Blades   | 1 2 |  2.0
Long Blades    | 1 2 |  2.0
Axes           | 1 2 |  2.0
Maces & Flails | 1 2 |  2.0
Polearms       | 1 2 |  2.0
Staves         | 1 2 |  2.0
Ranged Weapons | 1 2 |  2.0
Throwing       | 1 2 |  2.0
Armour         | 1 2 |  2.0
Shields        | 1 2 |  2.0
Unarmed Combat | 1 2 |  2.0
Evocations     | 1 2 |  2.0
Shapeshifting  | 1 |  1.8
Conjurations   | 1 |  1.5
Hexes          | 1 |  1.5
Summonings     | 1 |  1.5
Necromancy     | 1 |  1.5
Translocations | 1 |  1.5
Fire Magic     | 1 |  1.5
Air Magic      | 1 |  1.5
Earth Magic    | 1 |  1.5
Alchemy        | 1 |  1.5
Dodging        | 5 |  5.0
Stealth        | |  4.6
Ice Magic      | |  7.3

Action                     |  1- 3 |  4- 6 || total
---------------------------+-------+-------++-------
  Melee: Unarmed           |     1 |       ||     1
         Mace              |    83 |    19 ||   102
         Bite              |     4 |    16 ||    20
         Flail             |       |    99 ||    99
  Throw: Dart              |       |     4 ||     4
   Cast: Freeze            |    10 |     4 ||    14
         Frozen Ramparts   |     2 |     6 ||     8
         Summon Ice Beast  |       |     4 ||     4
    Use: Scroll            |       |     1 ||     1
   Stab: Sleeping          |     5 |     3 ||     8
 Armour: Robe              |    45 |    96 ||   141
  Dodge: Dodged            |    74 |    85 ||   159

Table legend: (Time is in decaauts)
 A = Elapsed time spent in this place.
 B = Non-inter-level travel time spent in this place.
 C = Inter-level travel time spent in this place.
 D = Time resting spent in this place.
 E = Time spent auto-exploring this place.
 F = Levels seen in this place.
 G = Mean time per level.
                   A        B        C        D        E       F      G
               +--------+--------+--------+--------+--------+-----+--------+
         Total |   4088 |   3935 |    153 |    134 |   2806 |   6 |  681.3 |
       Dungeon |   4011 |   3932 |     79 |    134 |   2806 |   5 |  802.2 |
        Temple |     76 |      2 |     74 |      0 |      0 |   1 |   76.0 |
               +--------+--------+--------+--------+--------+-----+--------+

Top non-repeatable levels by time:
     D:4: 1328 daAuts
     D:3: 1093 daAuts
     D:2: 1077 daAuts
     D:1: 387 daAuts
     D:5: 125 daAuts
  Temple: 76 daAuts
